 Dungeon Crawl Stone Soup version 0.28-a0-1533-gee5c5fb (webtiles) character file.

Game seed: 4894801877875826791

1035 Illumine the Cleaver (level 8, -1/70 HPs)
             Began as a Hill Orc Gladiator on Jan 17, 2022.
             Was an Initiate of Ru.
             Slain by a troll (8 damage)
             ... on level 4 of the Dungeon.
             The game lasted 00:09:04 (6899 turns).

Illumine the Cleaver (Hill Orc Gladiator)           Turns: 6899, Time: 00:09:05

Health: -1/70      AC: 10    Str: 19    XL:     8   Next: 24%
Magic:  8/8        EV: 10    Int:  8    God:    Ru [......]
Gold:   231        SH:  0    Dex: 12    Spells: 7/7 levels left

rFire   + . .      SeeInvis .   a - +0 war axe
rCold   . . .      Faith    .   (no shield)
rNeg    + . .      Spirit   .   n - +1 scale mail {rF+}
rPois   .          Reflect  .   c - +0 helmet
rElec   .          Harm     .   x - +0 cloak
rCorr   .          Rampage  .   (no gloves)
Will    .....                   (no boots)
Stlth   ..........              (no amulet)
HPRegen 0.21/turn               i - ring of positive energy
MPRegen 0.11/turn               (no ring)

@: no status effects
A: no striking features
a: Renounce Religion


You were on level 4 of the Dungeon.
You worshipped Ru.
Ru was noncommittal.
You visited 2 branches of the dungeon, and saw 6 of its levels.

You collected 231 gold pieces.

Inventory:

Hand Weapons
 a - a +0 war axe (weapon)
 f - a +1 hand axe of flaming
 r - a +0 hand crossbow
Missiles
 d - 2 throwing nets (quivered)
 p - 4 boomerangs
 w - 19 bolts
Armour
 c - a +0 helmet (worn)
 j - a +0 plate armour
 n - a +1 scale mail of fire resistance (worn)
 x - a +0 cloak (worn)
Jewellery
 i - a ring of positive energy (left hand)
 m - a ring of wizardry
Wands
 o - a wand of flame (6)
Scrolls
 b - 2 scrolls of fear
 e - 2 scrolls of vulnerability
 g - a scroll of blinking {unknown}
 h - 2 scrolls of fog
 k - a scroll of summoning {unknown}
 q - a scroll of teleportation {unknown}
 u - a scroll of magic mapping {unknown}
 y - a scroll of enchant armour {unknown}
Potions
 l - a potion of haste {unknown}
 s - a potion of cancellation {unknown}
 t - a potion of heal wounds {unknown}
 v - 2 potions of ambrosia


   Skills:
 + Level 5.6 Fighting
 + Level 9.0 Axes
 + Level 3.5 Throwing
 + Level 4.5 Armour
 - Level 2.4 Dodging


You had 7 spell levels left.
You didn't know any spells.
Your spell library contained the following spells:

 Spells                   Type           Power      Damage    Failure   Level
 Call Canine Familiar     Summ           0%         N/A       98%         3
 Portal Projectile        Hex/Tloc       0%         N/A       98%         3
 Leda's Liquefaction      Hex/Erth       0%         N/A       100%        4


Dungeon Overview and Level Annotations

Branches:
Dungeon (5/15)             Temple (1/1) D:4

Altars:
Elyvilon
Hepliaklqana
Kikubaaqudgha
Nemelex Xobeh
Qazlal
Ru
Uskayaw
Vehumet
Wu Jian
Yredelemnul

Annotations:
D:2 1 runed translucent door, Crazy Yiuf


Message History

You throw a throwing net. The throwing net hits the troll.
The troll is caught in the net!
The troll is lightly wounded.
The troll struggles against the net.
The sky beast flickers out of sight!
Deactivating autopickup; reactivate with Ctrl-A.
Something hits you but does no damage.
You barely miss something. You hit the troll.
The troll struggles against the net.
Something hits you but does no damage.
You miss something. You slash the troll!
The troll struggles against the net.
Something hits you but does no damage.
You hit something. You hit the troll.
The troll struggles against the net.
Something hits you but does no damage.
You barely miss something. You hit the troll.
The troll struggles against the net.
The net rips apart, and the troll comes free!
A sky beast appears from thin air!
Reactivating autopickup.
The sky beast hits you but does no damage.
You closely miss the troll.
The troll is moderately wounded.
You hit the sky beast. The troll bites you. The troll barely misses you.
The troll claws you but does no damage. The sky beast barely misses you.
You hit the sky beast.
The sky beast is almost dead.
You slash the troll! The troll barely misses you.
The troll claws you but does no damage. x2
The sky beast hits you but does no damage.
You completely miss the sky beast.
The sky beast is almost dead.
You hit the troll. The troll barely misses you. The troll claws you!
* * * LOW HITPOINT WARNING * * *
The troll barely misses you.
The sky beast flickers out of sight!
Deactivating autopickup; reactivate with Ctrl-A.
Something hits you.
* * * LOW HITPOINT WARNING * * *
Something shocks you.
* * * LOW HITPOINT WARNING * * *
You completely miss something. You slash the troll!
The troll closely misses you. The troll claws you!
You die...

.# #.#.##.........#.## #.....
.######.#.............#.####....#
..##........#...........##...#.##
..##'##....................###..#
.##♣.♣##........#.#.......## ##..
.#♣...♣#.......##........#####...
##♣.>.♣#..........##.....##.##...
# ♣...♣#.......#{####......###...
###♣♣♣##.>......@# #............
..#####........)T# ##.....##.....
.........##......###.......###...
.........#........#.......## #..#
..........................####..#
........)................#.##..##
................[........##....#
#..............................#
.#.............................##


You could see a troll.

Vanquished Creatures
  An ice beast (D:5)
  3 ogres (D:4)
  Blork the orc (D:5)
  3 scorpions
  An orc priest (D:2)
  Terence (D:2)
  Jessica (D:2)
  2 orc wizards
  Natasha (thrice) (D:2)
  2 iguanas
  A hound skeleton (D:4)
  4 gnolls (D:2)
  6 adders
  A white imp (D:5)
  An adder zombie (D:5)
  3 adder skeletons (D:4)
  2 worms (D:2)
  3 dart slugs
  4 orcs
  6 ball pythons
  5 bats
  5 endoplasms
  3 giant cockroaches
  8 hobgoblins
  2 jackals (D:1)
  5 kobolds
  A quokka (D:1)
  4 frilled lizards
  4 goblins
  3 rats
89 creatures vanquished.

Notes
Turn   | Place    | Note
-------+----------+-------------------------------------------
     0 | D:1      | Illumine the Hill Orc Gladiator began the quest for the
                  | Orb.
     0 | D:1      | Reached XP level 1. HP: 18/18 MP: 1/1
   246 | D:1      | Reached XP level 2. HP: 20/25 MP: 2/2
   404 | D:1      | Reached skill level 5 in Axes
   726 | D:1      | Found a faded altar of an unknown god.
   898 | D:2      | Noticed Jessica
   904 | D:2      | Killed Jessica
   905 | D:2      | Reached skill level 6 in Axes
   905 | D:2      | Reached XP level 3. HP: 25/30 MP: 3/3
  1030 | D:2      | Reached XP level 4. HP: 26/37 MP: 4/4
  1424 | D:2      | Reached skill level 7 in Axes
  1548 | D:2      | Reached XP level 5. HP: 42/42 MP: 5/5
  1754 | D:2      | Reached skill level 1 in Armour
  2042 | D:2      | Noticed Terence
  2062 | D:2      | Killed Terence
  2250 | D:2      | Found a runed translucent door.
  2251 | D:2      | Noticed Crazy Yiuf
  2342 | D:2      | Noticed Natasha
  2425 | D:2      | Killed Natasha
  2426 | D:2      | Reached XP level 6. HP: 44/51 MP: 6/6
  2444 | D:2      | Noticed Natasha
  2454 | D:2      | Killed Natasha
  2641 | D:2      | Noticed Natasha
  2651 | D:2      | Killed Natasha
  4543 | D:4      | Reached skill level 8 in Axes
  4543 | D:4      | Reached XP level 7. HP: 47/60 MP: 7/7
  5970 | D:4      | Found a staircase to the Ecumenical Temple.
  5976 | Temple   | Entered the Ecumenical Temple
  6038 | Temple   | Became a worshipper of Ru the Awakened
  6112 | D:4      | Reached skill level 5 in Fighting
  6361 | D:5      | Entered Level 5 of the Dungeon
  6373 | D:5      | Noticed Blork the orc
  6387 | D:5      | Killed Blork the orc
  6643 | D:5      | Reached XP level 8. HP: 57/69 MP: 8/8
  6742 | D:5      | Identified the +1 ring mail of Oblip {rPois Str+4}
  6816 | D:5      | Noticed a troll
  6849 | D:4      | Reached skill level 9 in Axes
  6899 | D:4      | Slain by a troll

Illustrated notes

Levels and vault maps discovered:
D:1:      moated_graveyard_arrival, layout_rooms,
          chequers_ecumenical_altar_grove, kennysheep_doodads
D:2:      layout_loops_corners, uniq_crazy_yiuf_cottage, uniq_terence,
          uniq_jessica, uniq_natasha
D:3:      layout_loops_ring, chequers_serial_rivers_small_3, grunt_ministairs_6,
          minmay_quadrilaterals
D:4:      layout_layer_cave, minmay_temple_entry_enclosed_plants, serial_glass,
          glass_columns_a, glass_columns_a
D:5:      layout_cave_pools, biasface_ghost_orc_armoury, chequers_arboretum,
          roderic_lattice_a, minmay_manual_mail, uniq_blork_the_orc, uniq_ijyb
Temple:   jpeg_temple_alley_garden

Skill      XL: |  1  2  3  4  5  6  7  8 |
---------------+-------------------------+-----
Axes           | 6 7 8 9 |  9.0
Fighting       | 3 4 5 |  5.6
Armour         | 2 3 4 |  4.5
Throwing       | 2 3 |  3.5
Dodging        | |  2.4

Action                   |  1- 3 |  4- 6 |  7- 9 || total
-------------------------+-------+-------+-------++-------
Melee: War axe           |    74 |   144 |   114 ||   332
       Punch             |       |     2 |     1 ||     3
Throw: Throwing net      |       |     1 |     3 ||     4
       Boomerang         |       |       |     2 ||     2
Evoke: Wand              |       |       |     3 ||     3
  Use: Scroll            |       |       |     6 ||     6
 Stab: Held in net/web   |       |     1 |       ||     1
Armor: Leather armour    |    30 |       |       ||    30
       Plate armour      |       |    25 |       ||    25
       Scale mail        |       |    43 |    61 ||   104
Dodge: Dodged            |    90 |    73 |    47 ||   210

Table legend: (Time is in decaauts)
 A = Elapsed time spent in this place.
 B = Non-inter-level travel time spent in this place.
 C = Inter-level travel time spent in this place.
 D = Time resting spent in this place.
 E = Time spent auto-exploring this place.
 F = Levels seen in this place.
 G = Mean time per level.
                   A        B        C        D        E       F      G
               +--------+--------+--------+--------+--------+-----+--------+
         Total |   6959 |   6754 |    205 |   1198 |   4495 |   6 | 1159.8 |
       Dungeon |   6867 |   6690 |    177 |   1198 |   4465 |   5 | 1373.4 |
        Temple |     91 |     63 |     28 |      0 |     30 |   1 |   91.0 |
               +--------+--------+--------+--------+--------+-----+--------+

Top non-repeatable levels by time:
     D:2: 2527 daAuts
     D:4: 1738 daAuts
     D:1: 1176 daAuts
     D:3: 937 daAuts
     D:5: 488 daAuts
  Temple: 91 daAuts
